 Dungeon Crawl Stone Soup version 0.31.0-11-ge490571c62 (webtiles) character file.

Game seed: 3006991844839010500

2240 oldriver the Skirmisher (level 9, 0/51 (69) HPs)
             Began as a Formicid Alchemist on Feb 2, 2024.
             Was an Initiate of Ru.
             Slain by a wight
             ... wielding a +5 hand axe
              (5 damage)
             ... on level 7 of the Dungeon.
             The game lasted 00:12:29 (7421 turns).

oldriver the Skirmisher (Formicid Alchemist)        Turns: 7421, Time: 00:12:29

HP:   0/51 (69)     AC: 11    Str: 16    XL:     9   Next: 63%
MP:   12/12         EV: 11    Int: 16    God:    Ru [......]
Gold: 317           SH:  6    Dex: 18    Spells: 11/12 levels left

rFire   . . .        g - +0 sling
rCold   + . .        q - +0 buckler "Mokuck" {rC+}
rNeg    . . .        c - +1 ring mail {rPois}
rPois   +            (helmet unavailable)
rElec   .            (no cloak)
rCorr   .            (no gloves)
SInv    +            l - +0 pair of boots
Will    +....        d - amulet "Iruz" {Regen+ Str+4}
Stlth   +++          B - ring of willpower
HPRegen 1.08/turn    t - +4 ring of protection
MPRegen 0.13/turn

%: no passive effects
@: very heavily drained, invisible
A: permanent stasis, dig shafts and tunnels, antennae 3, four strong arms
a: Dig, Shaft Self, Renounce Religion, Sacrifice Purity, Sacrifice Arcana,
Sacrifice Essence, Reject Sacrifices


You were on level 7 of the Dungeon.
You worshipped Ru.
Ru was noncommittal.
You visited 2 branches of the dungeon, and saw 8 of its levels.

You collected 429 gold pieces.
You spent 112 gold pieces at shops.

Inventory:

Hand Weapons
 a - a +1 vampiric dagger
 g - a +0 sling (weapon)
 A - a +4 trident of draining
Missiles
 f - 9 poisoned darts
 k - a throwing net
Armour
 c - a +1 ring mail of poison resistance (worn)
 l - a +0 pair of boots (worn)
 q - the +0 buckler "Mokuck" (worn) {rC+}
   (You found it on level 3 of the Dungeon)

   rC+:       It protects you from cold.
Jewellery
 d - the amulet "Iruz" (around neck) {Regen+ Str+4}
   (You acquired it on level 4 of the Dungeon)

   [amulet of regeneration]

   Str+4:     It affects your strength (+4).
   Regen+:    It increases your rate of health regeneration.
 o - an amulet of faith
 p - a ring of protection from cold
 t - a +4 ring of protection (right hand)
 B - a ring of willpower (left hand)
Wands
 j - a wand of polymorph (11)
 n - a wand of flame (9)
 s - a wand of roots (7)
 u - a wand of acid (5)
 z - a wand of charming (4)
Scrolls
 e - 4 scrolls of revelation
 i - a scroll of vulnerability
 m - a scroll of fog
 x - a scroll of teleportation {unknown}
 y - a scroll of silence {unknown}
 D - a scroll of butterflies {unknown}
Potions
 b - a potion of magic
 v - a potion of cancellation
 w - 2 potions of brilliance


   Skills:
 + Level 5.8 Fighting
 * Level 9.1 Ranged Weapons
 - Level 2.0 Dodging
 - Level 6.0 Stealth
 - Level 5.0 Shields
 - Level 2.1 Spellcasting
 - Level 0.8 Conjurations
 - Level 4.0 Alchemy


You had 11 spell levels left.
You knew the following spells:

 Your Spells              Type           Power      Damage    Failure   Level
a - Sting                 Conj/Alch      36%        1d5       19%         1

Your spell library contained the following spells:

 Spells                   Type           Power      Damage    Failure   Level
 Mercury Vapours          Alch/Air       16%        N/A       32%         2
 Summon Small Mammal      Summ           4%         N/A       45%         1
 Call Imp                 Summ           2%         N/A       58%         2
 Ensorcelled Hibernation  Hex/Ice        2%         N/A       58%         2
 Sublimation of Blood     Necr           1%         N/A       58%         2
 Mephitic Cloud           Conj/Alch/Air  6%         N/A       58%         3
 Olgreb's Toxic Radiance  Alch           14%        N/A       67%         4
 Stone Arrow              Conj/Erth      6%         3d7       77%         3
 Call Canine Familiar     Summ           1%         N/A       83%         3
 Fugue of the Fallen      Necr           1%         N/A       83%         3
 Sticky Flame             Fire/Alch      8%         2d4       91%         4
 Anguish                  Hex/Necr       0%         N/A       99%         4
 Animate Armour           Summ/Erth      2%         N/A       99%         4
 Summon Blazeheart Golem  Fire/Summ      1%         N/A       99%         4
 Summon Hydra             Summ           0%         N/A       100%        7
 Lehudib's Crystal Spear  Conj/Erth      1%         10d2      100%        8


Dungeon Overview and Level Annotations

Branches:
Dungeon (7/15)             Temple (1/1) D:5

Altars:
Ashenzari
Cheibriados
Dithmenos
Elyvilon
Fedhas
Gozag
Hepliaklqana
Kikubaaqudgha
Makhleb
Nemelex Xobeh
Okawaru
Qazlal
Ru
Sif Muna
Uskayaw
Vehumet
Wu Jian
Xom
Zin
The Shining One

Shops:
D:1 *   D:2 !

Annotations:
D:5 2 transporters, DaftaChap's ghost, novice FoFi
D:6 Prince Ribbit


Innate Abilities, Weirdness & Mutations

You cannot be hasted, slowed, berserked, paralysed or teleported.
You can dig through walls and to a lower floor.
You have a pair of large antennae on your head. (SInv)
Your four strong arms can wield two-handed weapons with a shield.


Message History

The wight closely misses you.
You shoot a sling bullet.
The sling bullet closely misses the centaur.
The centaur closely misses you. The centaur barely misses you.
The wight misses you.
Unknown command.
You feel better. The centaur closely misses you.
You block the centaur's attack. The centaur barely misses you.
The centaur kicks you but does no damage.
The wight closely misses you.
You shoot a sling bullet. The sling bullet hits the centaur.
You kill the centaur!
The wight hits you with a +5 hand axe.
* * * LOW HITPOINT WARNING * * *
You feel drained.
* * * LOW HITPOINT WARNING * * *
Unknown command.
There is an open door, spattered with blood here.
You see here a +0 orcbow.
You shoot a sling bullet.
The sling bullet barely misses the wight.
The wight hits you with a +5 hand axe.
* * * LOW HITPOINT WARNING * * *
You feel drained.
* * * LOW HITPOINT WARNING * * *
You shoot a sling bullet.
The sling bullet barely misses the wight.
The wight hits you with a +5 hand axe.
* * * LOW HITPOINT WARNING * * *
You feel drained.
* * * LOW HITPOINT WARNING * * *
Unknown command.
Okay, then.
You shoot a sling bullet.
The sling bullet completely misses the wight.
The wight closely misses you.
You shoot a sling bullet. The sling bullet hits the wight.
The wight is almost destroyed.
The wight hits you with a +5 hand axe.
You die...

..................#
..................#
......>...........#
##....##...)......#
#.... #...##....##
#....##+####....##
#..........#.....#
...........#z....#
.........@.....# .
..##...##.....#
..##+#####...##....##
...................##
....................#
##................#
#................#
#....##...##.....#
############.....#


You could see a wight (unable to see you).

Vanquished Creatures
  Jeremiah (D:6)
  A water moccasin (D:7)
  A sky beast (D:6)
  A black bear (D:5)
  2 ice beasts (D:6)
  5 ogres
  A centaur (D:7)
  A phantom (D:5)
  3 scorpions
  2 wights (D:7)
  4 howler monkeys
  2 hounds
  An orc priest (D:5)
  2 jellies
  4 iguanas
  A sleepcap (D:4)
  2 orc wizards
  4 gnolls (D:6)
  3 adders
  A white imp (D:7)
  2 ufetubi (D:5)
  A ribbon worm (D:3)
  14 orcs
  4 bats
  7 endoplasms
  4 giant cockroaches
  6 hobgoblins
  8 jackals
  8 kobolds
  5 quokkas
  6 ball pythons
  4 frilled lizards
  5 goblins
  6 rats
122 creatures vanquished.

Notes
Turn   | Place    | Note
-------+----------+-------------------------------------------
     0 | D:1      | oldriver the Formicid Alchemist began the quest for the
                  | Orb.
     0 | D:1      | Reached XP level 1. HP: 13/13 MP: 3/3
    70 | D:1      | Found Uroqamekef's General Store.
   115 | D:1      | Reached skill level 1 in Fighting
   169 | D:1      | Reached XP level 2. HP: 21/21 MP: 1/5
   914 | D:1      | Reached XP level 3. HP: 27/27 MP: 1/6
  1830 | D:2      | Found Jesif's Distillery.
  1835 | D:2      | Bought a potion of heal wounds for 70 gold pieces
  1835 | D:2      | Bought a potion of curing for 42 gold pieces
  2512 | D:3      | Found a broken altar of Ashenzari.
  2677 | D:3      | Found a blossoming altar of Fedhas.
  2736 | D:3      | Reached skill level 1 in Ranged Weapons
  2736 | D:3      | Reached XP level 4. HP: 33/35 MP: 7/7
  2740 | D:3      | Identified the +0 buckler "Mokuck" {rC+}
  2753 | D:3      | Noticed an ogre
  2765 | D:3      | Killed an ogre
  2766 | D:3      | Reached skill level 2 in Ranged Weapons
  2766 | D:3      | Reached XP level 5. HP: 23/42 MP: 8/8
  3735 | D:4      | Reached XP level 6. HP: 22/48 MP: 4/9
  4100 | D:4      | Found a hide-covered altar of Uskayaw.
  4791 | D:5      | Entered Level 5 of the Dungeon
  4860 | D:5      | Noticed an ogre
  4888 | D:5      | Reached skill level 1 in Shields
  5118 | D:5      | Found a staircase to the Ecumenical Temple.
  5169 | D:5      | Reached skill level 3 in Ranged Weapons
  5294 | D:5      | Reached XP level 7. HP: 49/54 MP: 7/10
  5441 | D:5      | Reached skill level 4 in Ranged Weapons
  5448 | Temple   | Found a transporter.
  5448 | Temple   | Found a transporter.
  5448 | Temple   | Found a transporter.
  5448 | Temple   | Found a transporter.
  5448 | Temple   | Entered the Ecumenical Temple
  5474 | Temple   | Became a worshipper of Ru the Awakened
  5523 | D:5      | Reached skill level 5 in Stealth
  5580 | D:4      | Identified a scroll of acquirement
  5583 | D:4      | Acquired the amulet "Iruz" {Regen+ Str+4}
  5695 | D:5      | Reached skill level 5 in Ranged Weapons
  5792 | D:4      | Reached XP level 8. HP: 60/60 MP: 11/11
  5983 | D:5      | Found a transporter.
  6025 | D:5      | Found a shimmering blue altar of Sif Muna.
  6078 | D:5      | Found a transporter.
  6079 | D:5      | Noticed DaftaChap's ghost (novice FoFi)
  6376 | D:6      | Found a shadowy altar of Dithmenos.
  6410 | D:6      | Reached skill level 5 in Shields
  6572 | D:6      | Reached skill level 6 in Ranged Weapons
  6589 | D:6      | Found a radiant altar of Vehumet.
  6638 | D:6      | Noticed Prince Ribbit
  6725 | D:6      | Reached skill level 7 in Ranged Weapons
  6745 | D:6      | Noticed Jeremiah
  6797 | D:6      | Killed Jeremiah
  6798 | D:6      | Reached XP level 9. HP: 15/66 MP: 12/12
  6930 | D:6      | Found a snail-covered altar of Cheibriados.
  6975 | D:6      | Reached skill level 8 in Ranged Weapons
  7152 | D:6      | Reached skill level 5 in Fighting
  7383 | D:7      | Reached skill level 9 in Ranged Weapons
  7421 | D:7      | Slain by a wight

Illustrated notes

Levels and vault maps discovered:
D:1:      nagdon_arrival_zigzag_paths, layout_basic, serial_shops, shop,
          minmay_pentomino_w2
D:2:      layout_loops_corners, serial_shops, shop, nicolae_hexahallways
D:3:      layout_basic, mainiacjoe_overflow_cross_hatched, fedhas_altar_3,
          kennysheep_generic_room_10
D:4:      layout_layer_cave, old_standard_altar
D:5:      layout_rooms, lemuel_blue_sif_altar, minmay_temple_entry_arrows,
          gammafunk_ghost_hive
D:6:      layout_loops_ring, nicolae_dithmenos_the_darkroom,
          cheibriados_altar_1, vehumet_altar_wand_db,
          kennysheep_generic_room_13, uniq_prince_ribbit1, uniq_jeremiah
D:7:      layout_gridville
Temple:   hellmonk_temple_divided_pantheon

Skill      XL: |  1  2  3  4  5  6  7  8  9 |
---------------+----------------------------+-----
Fighting       | 1 2 3 4 5 |  5.8
Stealth        | 3 4 5 6 |  6.0
Ranged Weapons | 1 2 3 5 7 9 |  9.1
Dodging        | 2 |  2.0
Shields        | 2 4 5 |  5.0
Spellcasting   | |  2.1
Conjurations   | |  0.8
Alchemy        | |  4.0

Action                     |  1- 3 |  4- 6 |  7- 9 || total
---------------------------+-------+-------+-------++-------
  Melee: Unarmed           |    22 |       |       ||    22
         Dagger            |     7 |       |       ||     7
   Fire: Sling             |    28 |   178 |   424 ||   630
  Throw: Dart              |       |     2 |       ||     2
   Cast: Sting             |    47 |       |       ||    47
  Evoke: Wand              |       |       |    10 ||    10
    Use: Scroll            |       |       |    12 ||    12
         Potion            |       |       |     6 ||     6
   Stab: Sleeping          |     1 |       |       ||     1
 Armour: Ring mail         |    45 |   139 |   209 ||   393
         Robe              |     2 |       |       ||     2
  Dodge: Dodged            |    44 |   112 |   174 ||   330
  Block: Buckler           |       |       |    66 ||    66
